 Dungeon Crawl Stone Soup version 0.22.1-2-g9c5b331 (webtiles) character file.

163 MalarOregon the Chiller (level 5, -6/38 HPs)
             Began as a Merfolk Ice Elementalist on Nov 16, 2018.
             Mangled by a centaur skeleton (8 damage)
             ... on level 4 of the Dungeon.
             The game lasted 00:04:06 (1873 turns).

MalarOregon the Chiller (Merfolk Ice Elementalist)  Turns: 1873, Time: 00:04:07

Health: -6/38      AC:  2    Str:  8    XL:     5   Next: 44%
Magic:  5/9        EV: 14    Int: 20    God:
Gold:   191        SH:  0    Dex: 15    Spells: 6/9 levels left

rFire    . . .     SeeInvis .   c - +0 spear
rCold    . . .     Gourm    .   (no shield)
rNeg     . . .     Faith    .   a - +0 robe
rPois    .         Spirit   .   (no helmet)
rElec    .         Reflect  .   (no cloak)
rCorr    .         Harm     .   (no gloves)
MR       .....                  (no boots)
Stlth    ++........             (no amulet)
HPRegen  0.12/turn              (no ring)
MPRegen  0.11/turn              (no ring)

@: brilliant, flying
A: change form in water, swift swim, stealthy swim
a: no special abilities


You were on level 4 of the Dungeon.
You were not hungry.

You visited 1 branch of the dungeon, and saw 4 of its levels.

You collected 191 gold pieces.

Inventory:

Hand Weapons
 c - a +0 spear (weapon)
   (You took it off a gnoll on level 1 of the Dungeon)
Armour
 a - a +0 robe (worn)
Jewellery
 l - an uncursed ring of resist corrosion {unknown}
   (You found it on level 2 of the Dungeon)
 o - an uncursed ring of flight {unknown}
   (You found it on level 3 of the Dungeon)
 q - an uncursed ring of wizardry {unknown}
   (You found it on level 3 of the Dungeon)
Scrolls
 d - 5 scrolls of identify {unknown}
 f - 2 scrolls of immolation {unknown}
 h - a scroll of blinking {unknown}
 i - a scroll of enchant armour {unknown}
 j - a scroll of remove curse {unknown}
 k - 4 scrolls of magic mapping {unknown}
 s - a scroll of teleportation {unknown}
 t - a scroll of amnesia {unknown}
Potions
 m - a potion of ambrosia {unknown}
 n - a potion of flight
 p - a potion of haste {unknown}
 r - a potion of curing {unknown}
Comestibles
 b - a chunk of flesh
 e - 14 rations {!d}


   Skills:
 + Level 2.0 Fighting
 + Level 2.2 Polearms
 + Level 3.7 Dodging
 + Level 3.4 Stealth
 + Level 2.8 Spellcasting
 - Level 0.7 Conjurations
 + Level 4.0 Ice Magic


You had 6 spell levels left.
You knew the following spells:

 Your Spells              Type           Power        Failure   Level  Hunger
a - Freeze                Ice            ####         1%          1    None
x - Throw Frost           Conj/Ice       ###...       1%          2    ##.....

Your spell library contained the following spells:

 Spells                   Type           Power        Failure   Level  Hunger
 Ozocubu's Armour         Chrm/Ice       ###.....     2%          3    ###....
 Throw Icicle             Conj/Ice       ###.....     6%          4    ####...
 Summon Ice Beast         Ice/Summ       ###.....     8%          4    ####...


Dungeon Overview and Level Annotations

Branches:
Dungeon (4/15)
 Temple: D:4-7

Altars:


Message History

Aim: an orc, wielding a whip You freeze the orc.
The orc hits you but does no damage. The orc barely misses you.
Aim: an orc, wielding a whip (almost dead)
You freeze the orc.
You kill the orc!
The orc hits you.
Aim: an orc, wearing a leather armour You freeze the orc.
The orc closely misses you.
Aim: an orc, wearing a leather armour (severely wounded)
You freeze the orc.
You kill the orc!
Things that are here:
a whip; a flail
e - 14 rations {!d} (gained 1)
You enter a teleport trap!
The teleport trap disappears.
Your surroundings suddenly seem different.
A centaur skeleton comes into view.
A centaur skeleton is nearby!
A centaur skeleton is nearby!
Attack whom?
Aim: a centaur skeleton You reach to attack!
You completely miss the centaur skeleton.
Some of the chunks of flesh in your inventory have rotted away.
You hit the centaur skeleton. The centaur skeleton misses you.
The centaur skeleton hits you.
* * * LOW HITPOINT WARNING * * *
You hit the centaur skeleton. The centaur skeleton hits you.
* * * LOW HITPOINT WARNING * * *
You hit the centaur skeleton but do no damage.
The centaur skeleton hits you.
* * * LOW HITPOINT WARNING * * *
You hit the centaur skeleton. The centaur skeleton hits you.
* * * LOW HITPOINT WARNING * * *
The centaur skeleton hits you but does no damage.
The centaur skeleton hits you!
* * * LOW HITPOINT WARNING * * *
The centaur skeleton barely misses you.
The floor.
Okay, then.
It was a potion of flight.
You feel very buoyant.
You fly up into the air.
The centaur skeleton closely misses you.
It was a potion of brilliance.
You feel clever all of a sudden. The centaur skeleton hits you!
You die...

♣.♣
#.#....#...#
♣.♣
##.#[)).#....
♣.♣♣
#............
♣..♣
#.>..........
♣♣.♣
#............
♣♣.♣
#............
♣..♣
#............
♣Z♣♣
#.......#####
♣♣@♣
##.....##
♣.♣♣ #....##
♣.♣♣ #...#
♣..♣ ♣♣.♣ ♣.♣
♣.. ♣♣.♣ .♣


You could see a centaur skeleton.

Vanquished Creatures
  An orc priest (D:3)
  A gnoll (D:1)
  4 adders
  An ooze (D:1)
  3 worms
  A dart slug (D:3)
  A leopard gecko (D:3)
  10 orcs
  2 ball pythons
  11 bats
  6 giant cockroaches
  6 goblins
  6 hobgoblins
  2 jackals (D:3)
  A frilled lizard (D:4)
  5 kobolds
  4 rats
65 creatures vanquished.

Notes
Turn   | Place    | Note
-------+----------+-------------------------------------------
     0 | D:1      | MalarOregon the Merfolk Ice Elementalist began the quest
                  | for the Orb.
     0 | D:1      | Reached XP level 1. HP: 13/13 MP: 3/3
   149 | D:1      | Reached XP level 2. HP: 15/20 MP: 0/5
   333 | D:1      | Reached skill level 1 in Fighting
   458 | D:1      | Reached XP level 3. HP: 24/26 MP: 6/6
   757 | D:2      | Learned a level 2 spell: Throw Frost
   872 | D:2      | Reached skill level 1 in Polearms
  1002 | D:2      | Reached XP level 4. HP: 28/32 MP: 7/7
  1432 | D:3      | Reached XP level 5. HP: 20/38 MP: 1/9
  1622 | D:3      | Reached skill level 4 in Ice Magic
  1868 | D:4      | HP: 1/38 [centaur skeleton (7)]
  1873 | D:4      | Mangled by a centaur skeleton

Skill      XL: |  1  2  3  4  5 |
---------------+----------------+-----
Dodging        | 3 |  3.7
Fighting       | 1 2 |  2.0
Polearms       | 1 2 |  2.2
Stealth        | 3 |  3.4
Ice Magic      | 4 |  4.0
Spellcasting   | |  2.8
Conjurations   | |  0.7

Action                   |  1- 3 |  4- 6 || total
-------------------------+-------+-------++-------
Melee: Unarmed           |    12 |       ||    12
       Spear             |    68 |    94 ||   162
 Cast: Freeze            |    21 |    54 ||    75
  Use: Potion            |       |     2 ||     2
 Stab: Sleeping          |     4 |     6 ||    10
  Eat: Chunk             |     1 |     3 ||     4
Armor: Robe              |    12 |    17 ||    29
Dodge: Dodged            |    38 |    93 ||   131
